 Dungeon Crawl Stone Soup version 0.30-a0-422-g946f4849ff (webtiles) character file.

Game seed: 3656597199087980030

220 funkygono the Firebug (level 5, 0/35 HPs)
             Began as a Demonspawn Fire Elementalist on Dec 8, 2022.
             Killed from afar by Blork the orc (3 damage)
             ... with a magic dart
             ... on level 4 of the Dungeon.
             The game lasted 00:06:42 (4108 turns).

funkygono the Firebug (DsFE)                        Turns: 4108, Time: 00:06:42

Health: 0/35       AC:  4    Str:  8    XL:     5   Next: 64%
Magic:  1/10       EV: 12    Int: 18    God:
Gold:   174        SH:  0    Dex: 14    Spells: 5/11 levels left

rFire   . . .      SeeInvis .    s - +1 dagger (venom)
rCold   . . .      Faith    .    (no shield)
rNeg    . . .      Spirit   .    a - +0 robe
rPois   +          Reflect  .    (helmet restricted)
rElec   .          Harm     .    (no cloak)
rCorr   .          Rampage  .    (no gloves)
Will    .....                    (no boots)
Stlth   ++........               (no amulet)
HPRegen 0.25/turn                l - ring of poison resistance
MPRegen 0.12/turn                (no ring)

@: no status effects
A: horns 1, slimy green scales 1, spiny 1
a: no special abilities


You were on level 4 of the Dungeon.
You visited 1 branch of the dungeon, and saw 4 of its levels.

You collected 174 gold pieces.

Inventory:

Hand Weapons
 d - a +0 short sword
 s - a +1 dagger of venom (weapon)
Armour
 a - a +0 robe (worn)
Magical Staves
 k - a staff of air
Jewellery
 l - a ring of poison resistance (left hand)
Wands
 n - a wand of flame (16)
Scrolls
 c - a scroll of acquirement {unknown}
 h - a scroll of amnesia
 m - 2 scrolls of teleportation {unknown}
 o - a scroll of immolation {unknown}
 p - 2 scrolls of identify
 r - a scroll of enchant armour {unknown}
 t - a scroll of brand weapon {unknown}
 u - 3 scrolls of magic mapping {unknown}
 w - a scroll of summoning {unknown}
Potions
 b - a potion of magic
 e - 2 potions of mutation
 f - 2 potions of degeneration {unknown}
 g - 2 potions of curing
 i - a potion of invisibility {unknown}
 j - a potion of berserk rage {unknown}
 q - a potion of brilliance {unknown}
 v - a potion of heal wounds {unknown}


   Skills:
 + Level 2.4 Dodging
 + Level 2.1 Stealth
 + Level 3.5 Spellcasting
 + Level 2.6 Conjurations
 + Level 3.8 Fire Magic


You had 5 spell levels left.
You knew the following spells:

 Your Spells              Type           Power      Damage    Failure   Level
a - Foxfire               Conj/Fire      56%        2x1d6     4%          1
b - Scorch                Fire           34%        2d7       4%          2
c - Kindle Blastsparks    Fire/Tloc/Air  14%        2d11      26%         3

Your spell library contained the following spells:

 Spells                   Type           Power      Damage    Failure   Level
 Freeze                   Ice            12%        1d3       16%         1
 Inner Flame              Hex/Fire       10%        N/A       22%         3
 Hailstorm                Conj/Ice       7%         3d4       26%         3
 Flame Wave               Conj/Fire      14%        2d6       38%         4
 Frozen Ramparts          Ice            6%         1d1       43%         3


Dungeon Overview and Level Annotations

Branches:
Dungeon (4/15)
 Temple: D:4-7

Altars:

Shops:
D:2 (

Annotations:
D:4 Blork the orc


Innate Abilities, Weirdness & Mutations

You have a pair of small horns on your head.
You are partially covered in slimy green scales. (AC +2)
You are partially covered in sharp spines.


Message History

The puff of frost hits you!
Unknown command.
Casting: Scorch (safe; 4% risk of failure)
Confirm with . or Enter, or press ? or * to list all spells.
You conjure some foxfire!
Blork the orc gestures at you while chanting.
The puff of flame hits you!
Casting: Foxfire (safe; 4% risk of failure)
Confirm with . or Enter, or press ? or * to list all spells.
Flames lash Blork the orc.
Blork the orc is burned terribly!
Blork the orc is almost dead.
The foxfire hits Blork the orc.
Blork the orc is almost dead.
The foxfire hits Blork the orc but does no damage.
Blork the orc is almost dead.
Casting: Scorch (safe; 4% risk of failure)
Confirm with . or Enter, or press ? or * to list all spells.
You don't know that spell.
Unknown command.
There is an open door here.
Blork the orc screams, "I don't like you!"
You close the door.
Blork the orc opens the door.
Blork the orc screams, "Die!"
Blork the orc points at you and mumbles some strange words.
The magic dart hits you!
Blork the orc gestures at you while chanting.
The puff of frost hits you!
* * * LOW HITPOINT WARNING * * *
Casting: Scorch (safe; 4% risk of failure)
Confirm with . or Enter, or press ? or * to list all spells.
You conjure some foxfire!
Blork the orc is no longer more vulnerable to fire.
Unknown command.
The foxfire hits Blork the orc.
Blork the orc is almost dead.
The foxfire hits Blork the orc.
Blork the orc is almost dead.
Blork the orc gestures at you while chanting.
The magic dart hits you.
You die...

.....)).).######........#
...##...#..........####.#
...###.#########...# #.#
##.# #.# #..### #.# .†.#
#.# #....# #.# ######+#
#.##.# #.# ##...#
#.##.###.# #.....#
#........# .......##
##@##.##### ##
........####§..#.# .+
........'.o§§....# ##
........####§....#
.>.....## ##....# #.....#
###.## ##...# #.# ##+#
#.# #.#


You could see Blork the orc.

Vanquished Creatures
  An iguana (D:4)
  An orc wizard (D:4)
  8 adders
  3 worms (D:2)
  A dart slug (D:3)
  11 orcs
  7 bats
  7 endoplasms
  2 giant cockroaches
  4 goblins
  2 hobgoblins
  4 jackals (D:1)
  5 quokkas
  5 ball pythons
  A frilled lizard (D:1)
  6 kobolds
  9 rats
77 creatures vanquished.

Vanquished Creatures (others)
  239 foxfires
  2 fungi (D:3)
  3 plants (D:3)
244 creatures vanquished.

Grand Total: 321 creatures vanquished

Notes
Turn   | Place    | Note
-------+----------+-------------------------------------------
     0 | D:1      | funkygono the Demonspawn Fire Elementalist began the quest
                  | for the Orb.
     0 | D:1      | Reached XP level 1. HP: 13/13 MP: 3/3
   357 | D:1      | Gained mutation: You have a pair of small horns on your
                  | head. [demonic ancestry]
   357 | D:1      | Reached XP level 2. HP: 19/19 MP: 1/5
   628 | D:1      | Learned a level 2 spell: Scorch
  1216 | D:2      | Gained mutation: You are partially covered in sharp spines.
                  | [demonic ancestry]
  1216 | D:2      | Reached XP level 3. HP: 24/24 MP: 2/6
  1392 | D:2      | Found Bucwailu's Antique Weapon Shoppe.
  1850 | D:2      | Gained mutation: You are partially covered in slimy green
                  | scales. (AC +2) [demonic ancestry]
  1850 | D:2      | Reached XP level 4. HP: 30/30 MP: 0/7
  2606 | D:2      | Learned a level 3 spell: Kindle Blastsparks
  3179 | D:3      | Found a faded altar of an unknown god.
  3336 | D:3      | Reached XP level 5. HP: 35/35 MP: 5/9
  4090 | D:4      | Noticed Blork the orc
  4108 | D:4      | Killed from afar by Blork the orc

Illustrated notes

Levels and vault maps discovered:
D:1:      dpeg_arrival_rooms_a, layout_loops_ring
D:2:      layout_loops_corners, serial_shops, shop
D:3:      layout_rooms, shapermc_ecumenical_altar_mp_urbaneastern
D:4:      layout_loops_corners, uniq_blork_the_orc

Skill      XL: |  1  2  3  4 |
---------------+-------------+-----
Dodging        | 2 |  2.4
Fire Magic     | 3 |  3.8
Stealth        | 2 |  2.1
Conjurations   | 2 |  2.6
Spellcasting   | 3 |  3.5

Action                   |  1- 3 |  4- 6 || total
-------------------------+-------+-------++-------
Melee: Short sword       |     5 |     2 ||     7
       Headbutt          |       |     1 ||     1
 Cast: Foxfire           |    55 |    88 ||   143
       Scorch            |     5 |    11 ||    16
  Use: Scroll            |     4 |     1 ||     5
Armor: Robe              |     6 |       ||     6
Dodge: Dodged            |    27 |     7 ||    34

Table legend: (Time is in decaauts)
 A = Elapsed time spent in this place.
 B = Non-inter-level travel time spent in this place.
 C = Inter-level travel time spent in this place.
 D = Time resting spent in this place.
 E = Time spent auto-exploring this place.
 F = Levels seen in this place.
 G = Mean time per level.
                   A        B        C        D        E       F      G
               +--------+--------+--------+--------+--------+-----+--------+
         Total |   4105 |   4023 |     82 |     26 |   3425 |   4 | 1026.2 |
       Dungeon |   4105 |   4023 |     82 |     26 |   3425 |   4 | 1026.2 |
               +--------+--------+--------+--------+--------+-----+--------+

Top non-repeatable levels by time:
     D:2: 1578 daAuts
     D:1: 1005 daAuts
     D:3: 797 daAuts
     D:4: 724 daAuts
